 Dungeon Crawl Stone Soup version 0.30-a0-743-gbfdf073431 (webtiles) character file.

Game seed: 13202723969581150317

11 Newt the Ducker (level 2, 0/22 HPs)
             Began as a Demonspawn Gladiator on Feb 7, 2023.
             Slain by a giant cockroach (2 damage)
             ... on level 1 of the Dungeon.
             The game lasted 00:00:30 (233 turns).

Newt the Ducker (Demonspawn Gladiator)               Turns: 233, Time: 00:00:31

Health: 0/22       AC:  5    Str: 14    XL:     2   Next: 13%
Magic:  2/2        EV: 12    Int:  9    God:
Gold:   13         SH:  0    Dex: 14    Spells: 1/1 levels left

rFire   . . .      SeeInvis .    a - +0 rapier
rCold   . . .      Faith    .    (no shield)
rNeg    . . .      Spirit   .    b - +0 leather armour
rPois   .          Reflect  .    c - +0 helmet
rElec   .          Harm     .    (no cloak)
rCorr   .          Rampage  .    (no gloves)
Will    .....                    (no boots)
Stlth   ++                       (no amulet)
HPRegen 0.23/turn                (no ring)
MPRegen 0.08/turn                (no ring)

@: no status effects
A: rugged brown scales 1
a: no special abilities


You were on level 1 of the Dungeon.
You visited 1 branch of the dungeon, and saw 1 of its levels.

You collected 13 gold pieces.

Inventory:

Hand Weapons
 a - a +0 rapier (weapon)
Missiles
 d - a throwing net (quivered)
Armour
 b - a +0 leather armour (worn)
 c - a +0 helmet (worn)


   Skills:
 + Level 2.2 Fighting
 - Level 2.6 Short Blades
 - Level 1.7 Throwing
 - Level 2.6 Dodging
 - Level 1.5 Stealth


You had one spell level left.
You didn't know any spells.
Your spell library contained the following spells:

 Spells                   Type           Power      Damage    Failure   Level
 Sublimation of Blood     Necr           0%         N/A       61%         2
 Petrify                  Tmut/Erth      0%         N/A       99%         4
 Irradiate                Conj/Tmut      0%         3d11      100%        5


Dungeon Overview and Level Annotations

Branches:
Dungeon (1/15)

Altars:


Innate Abilities, Weirdness & Mutations

You are partially covered in rugged brown scales. (AC +1, +3% HP)


Message History

The kobold hits you with a +0 dagger.
* * * LOW HITPOINT WARNING * * *
The giant cockroach moves out of view.
Throw: 3 throwing nets
Press: ? - help, Q - select action Shift-Dir - straight line, f - kobold
Aim: a kobold, wielding a +0 dagger, wearing a +0 robe and quivering stones (51% to hit)
You throw a throwing net. The throwing net hits the kobold.
The kobold is caught in the net!
The frilled lizard hisses angrily.
The kobold struggles against the net.
You hit the kobold.
The kobold is severely wounded.
The kobold struggles against the net.
You hit the kobold but do no damage.
The kobold is severely wounded.
The kobold struggles against the net.
You hit the kobold but do no damage.
The kobold is severely wounded.
The kobold struggles against the net.
You hit the kobold.
You kill the kobold!
You puncture the frilled lizard!
You kill the frilled lizard!
The endoplasm closely misses you.
Throw: 2 throwing nets
Press: ? - help, Q - select action Shift-Dir - straight line, f - endoplasm
Aim: an endoplasm (86% to hit)
You throw a throwing net. The throwing net hits the endoplasm.
The endoplasm is caught in the net!
The giant cockroach closely misses you.
The endoplasm struggles against the net.
You strike the helpless endoplasm from behind!
You hit the endoplasm.
You kill the endoplasm!
The giant cockroach bites you but does no damage.
The giant cockroach bites you.
* * * LOW HITPOINT WARNING * * *
You hit the giant cockroach but do no damage.
The giant cockroach bites you.
You die...

...#####...... >
.............. ..
............. ...##
..##......... .....
#.##..........
..##..####..............
......(.................
......B@..)..)..........
......>......)..........
............)...........
...........##...........
.................(......
.........#......$.......
.....?.####.............
....$.# #..#.......#..
#.###.....###.


You could see a giant cockroach.

Vanquished Creatures
  An endoplasm (D:1)
  A giant cockroach (D:1)
  A goblin (D:1)
  2 quokkas (D:1)
  A frilled lizard (D:1)
  4 kobolds (D:1)
  A rat (D:1)
11 creatures vanquished.

Notes
Turn   | Place    | Note
-------+----------+-------------------------------------------
     0 | D:1      | Newt the Demonspawn Gladiator began the quest for the Orb.
     0 | D:1      | Reached XP level 1. HP: 16/16 MP: 1/1
    32 | D:1      | Reached skill level 1 in Stealth
   220 | D:1      | Gained mutation: You are partially covered in rugged brown
                  | scales. (AC +1, +3% HP) [demonic ancestry]
   220 | D:1      | Reached XP level 2. HP: 2/22 MP: 2/2
   224 | D:1      | HP: 1/22 [kobold/+0 dagger (3)]
   233 | D:1      | Slain by a giant cockroach

Illustrated notes

Levels and vault maps discovered:
D:1:      minmay_arrival_five_plusses, layout_rooms

Skill      XL: |  1 |
---------------+----+-----
Stealth        | 1 |  1.5
Fighting       | |  2.2
Short Blades   | |  2.6
Throwing       | |  1.7
Dodging        | |  2.6

Action                     || total
---------------------------++-------
  Melee: Rapier            ||    33
  Throw: Javelin           ||     1
         Throwing net      ||     2
   Stab: Held in net/web   ||     1
 Armour: Leather armour    ||    10
  Dodge: Dodged            ||    32

Table legend: (Time is in decaauts)
 A = Elapsed time spent in this place.
 B = Non-inter-level travel time spent in this place.
 C = Inter-level travel time spent in this place.
 D = Time resting spent in this place.
 E = Time spent auto-exploring this place.
 F = Levels seen in this place.
 G = Mean time per level.
                   A        B        C        D        E       F      G
               +--------+--------+--------+--------+--------+-----+--------+
         Total |    235 |    235 |      0 |    162 |     11 |   1 |  235.0 |
       Dungeon |    235 |    235 |      0 |    162 |     11 |   1 |  235.0 |
               +--------+--------+--------+--------+--------+-----+--------+

Top non-repeatable levels by time:
     D:1: 235 daAuts
